 Dungeon Crawl Stone Soup version 0.31-a0-631-g285b096dc4 (webtiles) character file.

Game seed: 15726676596694209806

40 Arcadio the Grave Robber (level 3, -4/21 HPs)
             Began as an Octopode Necromancer on Aug 26, 2023.
             Slain by a gnoll
             ... wielding a +0 spear
              (10 damage)
             ... on level 2 of the Dungeon.
             The game lasted 00:01:54 (920 turns).

Arcadio the Grave Robber (Octopode Necromancer)      Turns: 920, Time: 00:01:54

Health: -4/21      AC:  1    Str:  7    XL:     3   Next: 50%
Magic:  6/6        EV: 13    Int: 19    God:
Gold:   51         SH:  0    Dex: 12    Spells: 3/7 levels left

rFire   . . .        c - +1 dagger (elec)
rCold   . . .        (no shield)
rNeg    . . .        (helmet restricted)
rPois   .            (no amulet)
rElec   .            (no ring)
rCorr   .            (no ring)
SInv    .            (no ring)
Will    .....        (no ring)
Stlth   +++          (no ring)
HPRegen 0.23/turn    (no ring)
MPRegen 0.10/turn    (no ring)
                     (no ring)

%: no passive effects
@: no status effects
A: almost no armour, amphibious, 8 rings, camouflage 1, gelatinous body 1,
(nimble swimmer 1), tentacles
a: no special abilities


You were on level 2 of the Dungeon.
You visited 1 branch of the dungeon, and saw 2 of its levels.

You collected 51 gold pieces.

Inventory:

Hand Weapons
 c - a +1 dagger of electrocution (weapon)
Scrolls
 b - 2 scrolls of teleportation
 d - a scroll of revelation {unknown}
 e - a scroll of immolation {unknown}
 g - a scroll of vulnerability {unknown}
 h - a scroll of silence {unknown}
Potions
 a - 2 potions of magic
 f - a potion of curing {unknown}


   Skills:
 + Level 2.7 Dodging
 - Level 2.6 Stealth
 + Level 2.5 Spellcasting
 + Level 4.4 Necromancy


You had 3 spell levels left.
You knew the following spells:

 Your Spells              Type           Power      Damage    Failure   Level
a - Necrotise             Necr           76%        1d7       2%          1
b - Vampiric Draining     Necr           19%        2d7       8%          3

Your spell library contained the following spells:

 Spells                   Type           Power      Damage    Failure   Level
 Dazzling Flash           Conj/Hex       4%         N/A       43%         3
 Animate Dead             Necr           19%        N/A       26%         4
 Agony                    Necr           19%        N/A       58%         5
 Silence                  Hex/Air        1%         N/A       99%         5


Dungeon Overview and Level Annotations

Branches:
Dungeon (2/15) Zot: 11079

Altars:

Shops:
D:2 !


Innate Abilities, Weirdness & Mutations

You cannot wear most types of armour.
You are amphibious.
You can wear up to eight rings at the same time.
Your skin changes colour to match your surroundings (Stealth+).
Your rubbery body absorbs attacks. (AC +1, EV +1)
((You are camouflaged when in or above water. (Stealth+)))
You have tentacles for arms and can constrict up to eight enemies at once.


Message History

The quokka closely misses you. x2
You hit the quokka. Your grab misses the quokka.
The quokka is severely wounded.
The quokka bites you.
You closely miss the quokka. You grab the quokka. You squeeze the quokka.
The quokka is almost dead.
You constrict the quokka.
You kill the quokka!
An endoplasm comes into view.
The endoplasm quivers.
The endoplasm hits you.
You hit the endoplasm but do no damage.
Lightning courses through the endoplasm!
You kill the endoplasm!
g - a scroll labelled BAJOUSTRAEN
Found a twisted leather armour.
You see here the +0 leather armour of Soarghum {-Tele Str+4}.
You see here a +0 falchion.
You see here a +0 scale mail.
You see here a +0 leather armour.
h - a scroll labelled PUSEIH SAEMNELL
There is a stone staircase leading down here.
You see here a +0 robe.
Found Fysur's Distillery. 2 gnolls come into view.
A gnoll comes into view. It is wielding a +0 club.
There is an entrance to Fysur's Distillery here.
The helpless gnoll fails to defend itself.
You puncture the gnoll! You grab the gnoll.
The gnoll is severely wounded.
You constrict the gnoll, but do no damage.
The gnoll hits you with a +0 club. The gnoll hits you with a +0 spear.
The gnoll shouts!
You barely miss the gnoll. You grab the gnoll. Your squeeze misses the gnoll.
You constrict the gnoll, but do no damage.
You constrict the gnoll.
You hear an angry hiss.
The gnoll hits you with a +0 club. The gnoll closely misses you.
The gnoll hits you with a +0 spear!
You die...

###.# #...# #.###
#.# ### #.# #..
#.# #.# # #.#
#.####.##. #.####
#g#....... #....#
#g@g...#
####[#####.#.#..#
#............#
#######.###.##
#... .# ##### #


You could see 3 gnolls.

Vanquished Creatures
  3 ball pythons (D:1)
  3 endoplasms
  2 giant cockroaches
  6 goblins (D:1)
  2 hobgoblins (D:1)
  2 jackals (D:1)
  3 quokkas
  5 bats
  A frilled lizard (D:1)
  3 kobolds (D:1)
  3 rats (D:1)
33 creatures vanquished.

Vanquished Creatures (collateral kills)
  An endoplasm (D:1)
1 creature vanquished.

Grand Total: 34 creatures vanquished

Notes
Turn   | Place    | Note
-------+----------+-------------------------------------------
     0 | D:1      | Arcadio the Octopode Necromancer began the quest for the
                  | Orb.
     0 | D:1      | Reached XP level 1. HP: 11/11 MP: 3/3
   154 | D:1      | Reached XP level 2. HP: 15/17 MP: 0/5
   503 | D:1      | Reached XP level 3. HP: 15/21 MP: 6/6
   507 | D:1      | Learned a level 3 spell: Vampiric Draining
   853 | D:2      | Identified the +0 leather armour of Soarghum {-Tele Str+4}
   915 | D:2      | Found Fysur's Distillery.
   920 | D:2      | Slain by a gnoll

Illustrated notes

Levels and vault maps discovered:
D:1:      wander_arrival_fairy_ring, layout_basic
D:2:      kennysheep_the_goblin_king, layout_loops_cross, serial_shops, shop,
          minmay_splitting_lines

Action                     || total
---------------------------++-------
  Melee: Unarmed           ||    18
         Tentacles         ||    15
         Constrict         ||    17
         Dagger            ||    44
   Cast: Necrotise         ||     8
    Use: Scroll            ||     1
   Stab: Sleeping          ||     8
 Armour: Skin              ||     9
  Dodge: Dodged            ||    45

Table legend: (Time is in decaauts)
 A = Elapsed time spent in this place.
 B = Non-inter-level travel time spent in this place.
 C = Inter-level travel time spent in this place.
 D = Time resting spent in this place.
 E = Time spent auto-exploring this place.
 F = Levels seen in this place.
 G = Mean time per level.
                   A        B        C        D        E       F      G
               +--------+--------+--------+--------+--------+-----+--------+
         Total |    919 |    901 |     18 |      0 |    638 |   2 |  459.5 |
       Dungeon |    919 |    901 |     18 |      0 |    638 |   2 |  459.5 |
               +--------+--------+--------+--------+--------+-----+--------+

Top non-repeatable levels by time:
     D:1: 757 daAuts
     D:2: 161 daAuts
